 Dungeon Crawl Stone Soup version 0.21.1-1-g345015fe64 (webtiles) character file.

92 Oravi the Insei (level 4, -3/32 HPs)
             Began as a Merfolk Transmuter on Apr 11, 2018.
             Killed by divine providence
             ... invoked by an orc priest
              (7 damage)
             ... on level 3 of the Dungeon.
             The game lasted 00:12:08 (2280 turns).

Oravi the Insei (Merfolk Transmuter)                Turns: 2280, Time: 00:12:09

Health: -3/32      AC:  2    Str: 15    XL:     4   Next: 60%
Magic:  3/7        EV: 21    Int: 13    God:
Gold:   38         SH:  0    Dex: 19    Spells: 1/7 levels left

rFire    . . .     SeeInvis .     - Unarmed
rCold    . . .     Gourm    .   (shield currently unavailable)
rNeg     . . .     Faith    .   (armour currently unavailable)
rPois    x         Spirit   .   (helmet currently unavailable)
rElec    .         Reflect  .   (cloak currently unavailable)
rCorr    .         Harm     .   (gloves currently unavailable)
MR       .....                  (boots currently unavailable)
Stlth    ++........             (no amulet)
HPRegen  0.10/turn              (no ring)
MPRegen  0.10/turn              (no ring)

@: mighty, spider-form
A: tiny, (change form in water), (swift swim), (stealthy swim)
a: End Transformation


You were on level 3 of the Dungeon.
You were hungry.
You were a venomous arachnid creature.
You visited 1 branch of the dungeon, and saw 3 of its levels.

You collected 38 gold pieces.

Inventory:

Missiles
 a - 43 arrows
Armour
 b - a +0 robe (melded)
 j - a +0 pair of gloves
Jewellery
 h - an uncursed amulet of guardian spirit
Scrolls
 e - a scroll of remove curse
 i - 2 scrolls of teleportation
Potions
 g - a potion of degeneration
Books
 c - a book of Changes

   Spells                             Type                      Level
   a - Beastly Appendage              Transmutation                1
   b - Sticks to Snakes               Transmutation                2
   c - Spider Form                    Transmutation/Poison         3
   d - Ice Form                       Ice/Transmutation            4
   e - Blade Hands                    Transmutation                5
Comestibles
 d - 3 rations
 f - 3 chunks of flesh


   Skills:
 + Level 1.2 Fighting
 + Level 3.3 Dodging
 + Level 4.4 Unarmed Combat
 - Level 2.0 Spellcasting
 * Level 4.3 Transmutations
 + Level 0.4 Poison Magic


You had one spell level left.
You knew the following spells:

 Your Spells              Type           Power        Failure   Level  Hunger
a - Beastly Appendage     Tmut           ##....       13%         1    ##.....
b - Sticks to Snakes      Tmut           ##......     17%         2    ###....
c - Spider Form           Tmut/Pois      #.........   50%         3    ####...


Dungeon Overview and Level Annotations

Branches:
Dungeon (3/15)

Altars:
Gozag
Vehumet

Shops:
D:2 *


Message History

You are too injured to fight recklessly!
You are too injured to fight recklessly!
You are too injured to fight recklessly!
You are too injured to fight recklessly!
You are too injured to fight recklessly!
You are too injured to fight recklessly!
You are too injured to fight recklessly!
You are too injured to fight recklessly!
Casting: Spider Form
Confirm with . or Enter, or press ? or * to list all spells.
You turn into a venomous arachnid creature.
Your +0 robe melds into your body.
You are feeling hungry.
You are too injured to fight recklessly!
You are too injured to fight recklessly!
It was a potion of might.
You feel very mighty all of a sudden.
The orc priest mumbles some strange prayers to Beogh against you.
Beogh smites you!
You die... ....... o...... ....... ..oo.or

....... .......
....... .......
.......##.......
.......os.......
######o#.......
#o#.......
#s#.......
#.#.......
#.########
####.# #....#
#.#### #.###
#...# ###.#


You could see an orc priest, 2 orcs and a giant cockroach.

Vanquished Creatures
  An adder (D:2)
  4 gnolls (D:2)
  2 worms (D:2)
  A dart slug (D:1)
  A leopard gecko (D:1)
  An orc (D:3)
  4 goblins
  7 hobgoblins
  A quokka (D:2)
  A ball python (D:1)
  2 bats
  A frilled lizard (D:2)
  2 kobolds
  9 rats
37 creatures vanquished.

Notes
Turn   | Place    | Note
-------+----------+-------------------------------------------
     0 | D:1      | Oravi the Merfolk Transmuter began the quest for the Orb.
     0 | D:1      | Reached XP level 1. HP: 15/15 MP: 3/3
   147 | D:1      | Reached XP level 2. HP: 3/21 MP: 3/5
   878 | D:2      | Reached XP level 3. HP: 21/26 MP: 6/6
   885 | D:2      | Learned a level 2 spell: Sticks to Snakes
   889 | D:2      | Learned a level 3 spell: Spider Form
   895 | D:2      | Found Gozag's Platinum Reserve.
   901 | D:2      | Found an opulent altar of Gozag.
  1212 | D:2      | Found a radiant altar of Vehumet.
  1217 | D:2      | Noticed a phantom
  1797 | D:2      | Reached XP level 4. HP: 13/32 MP: 1/7
  2280 | D:3      | Killed from afar by an orc priest

Skill      XL: |  1  2  3 |
---------------+----------+-----
Dodging        | 3 |  3.3
Transmutations | 3 4 |  4.3
Unarmed Combat | 4 |  4.4
Fighting       | |  1.2
Spellcasting   | |  2.0
Poison Magic   | |  0.4

Action                   |  1- 3 |  4- 6 || total
-------------------------+-------+-------++-------
Melee: Unarmed           |    76 |    20 ||    96
       Headbutt          |     8 |       ||     8
 Cast: Beastly Appendage |    13 |     1 ||    14
       Spider Form       |     6 |     4 ||    10
       Sticks to Snakes  |     3 |       ||     3
  Use: Scroll            |     1 |     3 ||     4
       Potion            |     1 |     1 ||     2
  Eat: Chunk             |     4 |     2 ||     6
Armor: Robe              |     6 |       ||     6
       Skin              |     1 |       ||     1
Dodge: Dodged            |    73 |    16 ||    89
